 Dungeon Crawl Stone Soup version 0.23.2-1-ga50397a6bc (webtiles) character file.

Game seed: 5256421771957017812

265 Mrkan the Ruffian (level 5, -3/54 HPs)
             Began as a Troll Monk on May 18, 2019.
             Slain by an ogre
             ... wielding a +0 giant club
              (24 damage)
             ... on level 4 of the Dungeon.
             The game lasted 00:03:25 (2684 turns).

Mrkan the Ruffian (Troll Monk)                      Turns: 2684, Time: 00:03:26

Health: -3/54      AC:  7    Str: 20    XL:     5   Next: 99%
Magic:  4/4        EV: 10    Int:  6    God:
Gold:   230        SH:  0    Dex: 12    Spells: 4/4 levels left

rFire    . . .     SeeInvis .     - Unarmed
rCold    . . .     Gourm    +   (no shield)
rNeg     . . .     Faith    .   a - +0 robe
rPois    .         Spirit   .   (helmet restricted)
rElec    .         Reflect  .   l - +0 cloak
rCorr    .         Harm     .   (gloves unavailable)
MR       .....                  (boots unavailable)
Stlth    ++........             (no amulet)
HPRegen  0.58/turn              (no ring)
MPRegen  0.09/turn              (no ring)

@: lethally poisoned (-3 -> -3)
A: large, unfitting armour, claws 3, fast metabolism 3, gourmand, regeneration
1, shaggy fur 1, tough skin 3
a: no special abilities


You were on level 4 of the Dungeon.
You were not hungry.

You visited 1 branch of the dungeon, and saw 4 of its levels.

You collected 230 gold pieces.

Inventory:

Armour
 a - a +0 robe (worn)
 l - a +0 cloak (worn)
Scrolls
 c - 4 scrolls of identify {unknown}
 d - 2 scrolls of teleportation {unknown}
 e - a scroll of enchant armour {unknown}
 f - 2 scrolls of remove curse {unknown}
 g - 2 scrolls of blinking {unknown}
 i - a scroll of noise {unknown}
Potions
 h - 2 potions of haste {unknown}
 j - a potion of ambrosia {unknown}
 k - a potion of curing {unknown}
 m - a potion of invisibility {unknown}
Comestibles
 b - 4 rations


   Skills:
 + Level 3.7 Fighting
 - Level 2.4 Dodging
 - Level 1.0 Stealth
 * Level 5.8 Unarmed Combat


You had 4 spell levels left.
You didn't know any spells.
Your spell library was empty.

Dungeon Overview and Level Annotations

Branches:
Dungeon (4/15)
 Temple: D:4-7

Altars:
Okawaru
Zin


Innate Abilities, Weirdness & Mutations

You are too large for most types of armour.
You have claws for hands.
Your metabolism is lightning-fast.
You like to eat raw meat.
Your natural rate of healing is unusually fast.
You are covered in fur. (AC +1)
You have extremely tough skin. (AC +3)


Message History

The ogre barely misses you.
You claw the scorpion!
The scorpion is heavily wounded.
The scorpion stings you but does no damage.
You scratch the scorpion.
The scorpion is severely wounded.
The ogre hits you with a +0 giant club! The scorpion stings you.
You scratch the scorpion.
The scorpion is almost dead.
The scorpion stings you. The ogre hits you with a +0 giant club.
You closely miss the scorpion.
The scorpion is almost dead.
The scorpion stings you.
You are poisoned.
The scorpion poisons you!
You barely miss the scorpion.
The scorpion is almost dead.
You feel sick.
The ogre hits you with a +0 giant club!!
You die...

###.....####
.###.......#
#.. #.#.....#
..# #.##....# #
..# #.##....#
#. ..#
#.##....#
####.######..#
#.####.##
.....).......#
#.# #.#
#...O@s.# #.#
#.# #.#####.#
#.# #.# #.##.#
..#.# #.#
#(#..# .# #.#
#.#..# # ####.#
#.#..# #....#
#.#..# #.####
#.#..########.#
#.#...........#


You could see an ogre and a scorpion.

Vanquished Creatures
  A bullfrog (D:3)
  2 hounds (D:4)
  Crazy Yiuf (D:3)
  Terence (D:3)
  An adder (D:2)
  2 oozes (D:2)
  A worm (D:2)
  6 dart slugs
  5 orcs
  4 bats
  2 giant cockroaches
  2 goblins (D:1)
  8 hobgoblins
  5 quokkas
  A ball python (D:1)
  5 frilled lizards
  3 kobolds
  A quokka skeleton (D:4)
  7 rats
58 creatures vanquished.

Notes
Turn   | Place    | Note
-------+----------+-------------------------------------------
     0 | D:1      | Mrkan the Troll Monk began the quest for the Orb.
     0 | D:1      | Reached XP level 1. HP: 22/22 MP: 0/0
   155 | D:1      | Reached XP level 2. HP: 29/29 MP: 1/1
   700 | D:2      | Reached XP level 3. HP: 36/36 MP: 2/2
   861 | D:2      | Reached skill level 4 in Unarmed Combat
  1661 | D:3      | Found a glowing silver altar of Zin.
  1669 | D:3      | Reached XP level 4. HP: 45/45 MP: 3/3
  1694 | D:3      | Found an iron altar of Okawaru.
  1740 | D:3      | Noticed Terence
  1752 | D:3      | Killed Terence
  2181 | D:3      | Noticed a bullfrog
  2191 | D:3      | Killed a bullfrog
  2191 | D:3      | Reached skill level 5 in Unarmed Combat
  2191 | D:3      | Reached XP level 5. HP: 48/53 MP: 4/4
  2285 | D:3      | Found a runed translucent door.
  2286 | D:3      | Noticed Crazy Yiuf
  2423 | D:3      | Killed Crazy Yiuf
  2577 | D:4      | Noticed an ogre
  2673 | D:4      | Noticed an ogre
  2684 | D:4      | Slain by an ogre

Skill      XL: |  1  2  3  4 |
---------------+-------------+-----
Unarmed Combat | 4 5 |  5.8
Fighting       | 3 |  3.7
Dodging        | |  2.4
Stealth        | |  1.0

Action                   |  1- 3 |  4- 6 || total
-------------------------+-------+-------++-------
Melee: Unarmed           |   118 |    58 ||   176
       Punch             |     1 |     2 ||     3
 Stab: Sleeping          |     4 |     1 ||     5
  Eat: Chunk             |     9 |     3 ||    12
       Ration            |     1 |     2 ||     3
Armor: Robe              |    29 |    20 ||    49
Dodge: Dodged            |    41 |    18 ||    59
